 Dungeon Crawl Stone Soup version 0.32-a0-17-gb74e046682 (webtiles) character file.

Game seed: 6010561148689534906

151 LeprechaunX the Changeling (level 5, -1/35 HPs)
             Began as an Octopode Shapeshifter on Jan 15, 2024.
             Slain by a gnoll
             ... wielding a +0 spear
             ... led by a gnoll bouda
              (6 damage)
             ... on level 3 of the Dungeon.
             The game lasted 00:02:34 (1857 turns).

LeprechaunX the Changeling (Octopode Shapeshifter)  Turns: 1857, Time: 00:02:35

Health: -1/35      AC:  1    Str: 13    XL:     5   Next: 33%
Magic:  5/5        EV: 13    Int: 18    God:
Gold:   121        SH:  0    Dex: 14    Spells: 4/4 levels left

rFire   . .          .
                       - Unarmed
rCold   . . .        (no shield)
rNeg    . . .        (helmet currently unavailable)
rPois   .            (no amulet)
rElec   .            i - +6 ring of intelligence
rCorr   .            (no ring)
SInv    .            (no ring)
Will    .....        (no ring)
Stlth   ++           (no ring)
HPRegen 0.25/turn    (no ring)
MPRegen 0.09/turn    (no ring)
                     (no ring)

%: no passive effects
@: beast-form
A: beast (slay +2), almost no armour, amphibious, 8 rings, camouflage 1,
gelatinous body 1, (nimble swimmer 1), tentacles
a: Begin Untransformation


You were on level 3 of the Dungeon.
You were a hulking beast.
You visited 1 branch of the dungeon, and saw 3 of its levels.

You collected 121 gold pieces.

Inventory:

Hand Weapons
 h - a +0 sling
Jewellery
 i - a +6 ring of intelligence (left tentacle)
Talismans
 b - a beast talisman
 c - a flux talisman
Scrolls
 d - a scroll of enchant armour {unknown}
 f - a scroll of identify {unknown}
 j - a scroll of poison {unknown}
 k - a scroll of fog {unknown}
 l - a scroll of teleportation {unknown}
 m - a scroll of vulnerability {unknown}
Potions
 a - a potion of lignification
 e - 2 potions of curing {unknown}
 g - a potion of invisibility {unknown}
 n - a potion of enlightenment {unknown}
 o - a potion of haste {unknown}


   Skills:
 + Level 2.5 Fighting
 - Level 2.0 Dodging
 + Level 3.8 Unarmed Combat
 * Level 4.4 Shapeshifting


You had 4 spell levels left.
You didn't know any spells.
Your spell library contained the following spells:

 Spells                   Type           Power      Damage    Failure   Level
 Cigotuvi's Dreadful Rot  Necr/Alch/Air  0%         N/A       32%         2
 Animate Dead             Necr           0%         N/A       91%         4
 Ignite Poison            Fire/Alch      0%         N/A       91%         4
 Borgnjor's Vile Clutch   Necr/Erth      0%         N/A       99%         5
 Freezing Cloud           Conj/Ice/Air   0%         6-21      99%         5
 Death Channel            Necr           0%         N/A       100%        6


Dungeon Overview and Level Annotations

Branches:
Dungeon (3/15)

Altars:


Innate Abilities, Weirdness & Mutations

You are a hulking beast.
Your limbs bulge with bestial killing power. (Slay +2)
You cannot wear most types of armour.
You are amphibious.
You can wear up to eight rings at the same time.
Your skin changes colour to match your surroundings (Stealth+).
Your rubbery body absorbs attacks. (AC +1, EV +1)
((You are camouflaged when in or above water. (Stealth+)))
You have tentacles for arms and can constrict up to eight enemies at once.


Message History

You barely miss the bombardier beetle. You grab the bombardier beetle.
The bombardier beetle is lightly wounded.
The liquid fire burns you!
You constrict the bombardier beetle.
You tentacle-slap the bombardier beetle.
The bombardier beetle is severely wounded.
The liquid fire burns you!
You constrict the bombardier beetle, but do no damage.
The bombardier beetle sprays incendiary fluid at you.
The burning spray hits you.
You are even more covered in liquid fire!
You hear a shout!
You tentacle-slap the bombardier beetle but do no damage.
You squeeze the bombardier beetle.
The bombardier beetle is almost dead.
The liquid fire burns you!
You constrict the bombardier beetle.
Unknown command.
You tentacle-slap the bombardier beetle.
You kill the bombardier beetle!
The liquid fire burns you!
* * * LOW HITPOINT WARNING * * *
The gnoll closely misses you.
Unknown command.
You shake off some of the fire as you move.
The liquid fire burns you!
* * * LOW HITPOINT WARNING * * *
You see here a bombardier beetle corpse.
Unknown command.
You shake off the liquid fire.
Unknown command.
The gnoll hits you with a +0 spear.
* * * LOW HITPOINT WARNING * * *
You closely miss the gnoll. Your grab misses the gnoll. You squeeze the gnoll.
The gnoll is lightly wounded.
The gnoll barely misses you.
You tentacle-slap the gnoll. You grab the gnoll.
The gnoll is lightly wounded.
You constrict the gnoll. The gnoll hits you with a +0 spear.
You die...

...#...#####.####
#.....##!.).#
#.......####
..####..#......##
.g.................
####.....#####...
#..##### ##
####....#
#.hg.##...# #.####
##.# #......# ..
#......# #.
#......# #......#
########


You could see a gnoll.

Vanquished Creatures
  A bombardier beetle (D:3)
  Terence (D:3)
  An adder (D:2)
  2 gnolls (D:3)
  A ribbon worm (D:1)
  3 dart slugs
  An orc (D:3)
  3 bats
  6 endoplasms
  3 giant cockroaches
  5 goblins
  7 hobgoblins
  2 jackals (D:1)
  9 kobolds
  A quokka (D:1)
  6 ball pythons
  A frilled lizard (D:2)
  2 rats
55 creatures vanquished.

Notes
Turn   | Place    | Note
-------+----------+-------------------------------------------
     0 | D:1      | LeprechaunX the Octopode Shapeshifter began the quest for
                  | the Orb.
     0 | D:1      | Reached XP level 1. HP: 13/13 MP: 1/1
    98 | D:1      | Reached XP level 2. HP: 15/18 MP: 2/2
   381 | D:1      | Reached XP level 3. HP: 23/23 MP: 3/3
  1556 | D:2      | Reached XP level 4. HP: 29/29 MP: 4/4
  1620 | D:3      | Noticed Terence
  1629 | D:3      | Killed Terence
  1630 | D:3      | Reached skill level 4 in Shapeshifting
  1835 | D:3      | Reached XP level 5. HP: 35/35 MP: 5/5
  1857 | D:3      | Slain by a gnoll

Illustrated notes

Levels and vault maps discovered:
D:1:      dpeg_arrival_brainrot, layout_loops_corners
D:2:      layout_rooms, chequers_avenue, serial_park_tiny_pond,
          grunt_ministairs_3, minmay_misc_feat_alley, minmay_octomino_j4
D:3:      minmay_angry_zag, layout_rooms, nicolae_overflow_ecumenical_swirl,
          mainiacjoe_overflow_24_doors, nicolae_overflow_crystal_walls,
          uniq_terence

Skill      XL: |  1  2  3  4 |
---------------+-------------+-----
Fighting       | 2 |  2.5
Shapeshifting  | 4 |  4.4
Dodging        | |  2.0
Unarmed Combat | |  3.8

Action                     |  1- 3 |  4- 6 || total
---------------------------+-------+-------++-------
  Melee: Unarmed           |    85 |    28 ||   113
         Constrict         |    23 |     9 ||    32
         Tentacles         |    12 |    10 ||    22
         Punch             |     1 |       ||     1
   Stab: Sleeping          |     5 |     2 ||     7
         Distracted        |     1 |       ||     1
 Armour: Skin              |    24 |     7 ||    31
  Dodge: Dodged            |    43 |    14 ||    57

Table legend: (Time is in decaauts)
 A = Elapsed time spent in this place.
 B = Non-inter-level travel time spent in this place.
 C = Inter-level travel time spent in this place.
 D = Time resting spent in this place.
 E = Time spent auto-exploring this place.
 F = Levels seen in this place.
 G = Mean time per level.
                   A        B        C        D        E       F      G
               +--------+--------+--------+--------+--------+-----+--------+
         Total |   1849 |   1744 |    105 |    101 |   1297 |   3 |  616.3 |
       Dungeon |   1849 |   1744 |    105 |    101 |   1297 |   3 |  616.3 |
               +--------+--------+--------+--------+--------+-----+--------+

Top non-repeatable levels by time:
     D:1: 1123 daAuts
     D:2: 593 daAuts
     D:3: 132 daAuts
